 Dungeon Crawl Stone Soup version 0.27.0-1-g7a089689b8 (webtiles) character file.

Game seed: 17290349583305631914

63 Descartes the Sneak (level 3, -11/16 HPs)
             Began as a Felid Wanderer on Aug 14, 2021.
             Mangled by Crazy Yiuf (17 damage)
             ... on level 2 of the Dungeon.
             The game lasted 00:02:52 (2998 turns).

Descartes the Sneak (Felid Wanderer)                Turns: 2998, Time: 00:02:52

Health: -11/16     AC:  1    Str: 13    XL:     3   Next: 89%
Magic:  4/4        EV: 18    Int: 16    God:
Gold:   128        SH:  0    Dex: 14    Spells: 2/2 levels left
                                        Lives:  0   Deaths: 0

rFire    . . .     SeeInvis +     - Unarmed
rCold    . . .     Faith    .   (shield unavailable)
rNeg     . . .     Spirit   .   (armour unavailable)
rPois    .         Reflect  .   (helmet unavailable)
rElec    .         Harm     .   (cloak unavailable)
rCorr    .         Rampage  .   (gloves unavailable)
Will     .....                  (boots unavailable)
Stlth    +++.......             (no amulet)
HPRegen  0.05/turn              f - +6 ring of strength
MPRegen  0.09/turn              (no ring)

@: quick
A: very small, claws 1, fangs 3, see invisible, speed 1, shaggy fur 1, stealthy
paws, no weapons or thrown items, no armour, multi-lived
a: no special abilities


You were on level 2 of the Dungeon.
You visited 1 branch of the dungeon, and saw 2 of its levels.

You collected 128 gold pieces.

Inventory:

Jewellery
 f - a +6 ring of strength (left paw)
Wands
 h - a wand of mindburst (2)
Scrolls
 a - a scroll of blinking
 c - 3 scrolls of teleportation
 e - 3 scrolls of identify {unknown}
 g - a scroll of fog {unknown}
 i - a scroll of enchant weapon {unknown}
Potions
 b - 2 potions of heal wounds
 d - 3 potions of curing


   Skills:
 - Level 2.0 Fighting
 + Level 3.9 Dodging
 + Level 5.1 Stealth
 + Level 2.9 Unarmed Combat
 - Level 1.1 Evocations


You had 2 spell levels left.
You didn't know any spells.
Your spell library was empty.

Dungeon Overview and Level Annotations

Branches:
Dungeon (2/15)

Altars:

Annotations:
D:2 Crazy Yiuf


Innate Abilities, Weirdness & Mutations

You have sharp claws.
You have razor-sharp teeth.
You have supernaturally acute eyesight. (SInv)
You cover ground quickly. (Speed+)
You are covered in fur. (AC +1)
Your paws help you pounce on unaware monsters.
You are incapable of wielding weapons or throwing items.
You cannot wear armour.
You gain extra lives every three experience levels.


Message History

A rat comes into view.
You scratch the rat.
You kill the rat!
No target in view!
You now have 119 gold pieces (gained 8).
You see here a rat skeleton.
You see here a +0 hunting sling.
You now have 128 gold pieces (gained 9).
A hobgoblin comes into view.
You pounce on the unaware helpless hobgoblin!
You mangle the hobgoblin!!
You kill the hobgoblin!
No target in view!
No target in view!
No target in view!
No target in view!
No target in view!
No target in view!
No target in view!
No target in view!
No target in view!
Found 22 stones.
You see here 22 stones.
Found a dagger.
You see here a +0 dagger.
Found a mace.
Found a runed translucent door.
You see here a +0 chain mail.
You see here a +0 rapier.
You see here a +0 club.
You see here a +0 short sword.
You open the door.
There is an open translucent door here.
Crazy Yiuf shouts!
You closely miss Crazy Yiuf.
Crazy Yiuf hits you with a +3 quarterstaff of chaos!
Ouch! That really hurt!
You barely miss Crazy Yiuf. Your claw misses Crazy Yiuf.
Crazy Yiuf hits you with a +3 quarterstaff of chaos!
Ouch! That really hurt!
You die...

#.# #.# ##
############ #.# #.
#..........# ### #.
..#..#####.# #.
.###.#.....# #.
.#.#.#.###.# #####
♣♣#### #. .......#
#.# #)..#♣♣ ♣♣....##
#. ).[##..###.#
#.g@'.♣♣♣♣......###.
)))[##.#..)#
#...#♣..♣...........
.#.##..#.#.#
#####♣♣♣.♣....#####.
##....##.#.#
♣♣♣♣♣### #.
#...####.#.# #.
.........#.#
#############.
########.#.#
#............. #.#.#
############## #...#


You could see Crazy Yiuf.

Vanquished Creatures
  3 adders (D:2)
  A bat (D:2)
  An endoplasm (D:1)
  3 giant cockroaches
  3 goblins
  6 hobgoblins
  4 jackals (D:1)
  A quokka (D:2)
  2 ball pythons
  2 frilled lizards
  6 kobolds
  3 rats
35 creatures vanquished.

Notes
Turn   | Place    | Note
-------+----------+-------------------------------------------
     0 | D:1      | Descartes the Felid Wanderer began the quest for the Orb.
     0 | D:1      | Descartes set off with the following items: a scroll of
                  | blinking, a potion of heal wounds, a scroll of
                  | teleportation, a potion of curing
     0 | D:1      | Reached XP level 1. HP: 9/9 MP: 2/2
   104 | D:1      | Reached XP level 2. HP: 11/13 MP: 3/3
  1106 | D:2      | Reached XP level 3. HP: 1/16 MP: 4/4
  2030 | D:2      | Reached skill level 5 in Stealth
  2626 | D:2      | Found a runed translucent door.
  2627 | D:2      | Noticed Crazy Yiuf
  2998 | D:2      | Mangled by Crazy Yiuf

Illustrated notes

Levels and vault maps discovered:
D:1:      dpeg_arrival_renting, layout_basic, corexii_leaking_fountain
D:2:      layout_basic, minmay_hexomino_u4, uniq_crazy_yiuf_cottage

Skill      XL: |  1  2  3 |
---------------+----------+-----
Dodging        | 3 |  3.9
Stealth        | 5 |  5.1
Fighting       | |  2.0
Unarmed Combat | |  2.9
Evocations     | |  1.1

Action                   || total
-------------------------++-------
Melee: Unarmed           ||   103
       Bite              ||     6
       Punch             ||     1
 Stab: Sleeping          ||     8
Armor: Skin              ||     2
Dodge: Dodged            ||    78
